 Dungeon Crawl Stone Soup version 0.19.5 (webtiles) character file.

93 LoNine the Skirmisher (level 4, 40/41 HPs)
             Began as a Minotaur Fighter on Apr 3, 2017.
             Was a Follower of Dithmenos.
             Quit the game on level 3 of the Dungeon.
             The game lasted 00:11:04 (1971 turns).

LoNine the Skirmisher (Minotaur Fighter)            Turns: 1971, Time: 00:11:04

Health: 40/41      AC:  9    Str: 18 (21) XL:     4   Next: 36%
Magic:  3/3        EV:  7    Int:  5      God:    Dithmenos [*.....]
Gold:   190        SH: 10    Dex:  9 (10) Spells: 0 memorised, 3 levels left

rFire  . . .     SeeInvis .     a - +0 long sword
rCold  . . .     Gourm    .     b - +0 scale mail
rNeg   . . .     Faith    .     c - +1 shield
rPois  +         Spirit   .     (helmet restricted)
rElec  .         Reflect  .     (no cloak)
rCorr  .         Harm     .     (no gloves)
MR     .....                    (no boots)
Stlth  ..........               e - amulet of magic regeneration
                                g - ring of poison resistance
                                d - +2 ring of protection

@: wreathed by umbra
A: retaliatory headbutt, horns 2
a: Renounce Religion


You were on level 3 of the Dungeon.
You worshipped Dithmenos.
Dithmenos was aware of your devotion.
You were not hungry.

You visited 1 branch of the dungeon, and saw 3 of its levels.

You collected 190 gold pieces.

Inventory:

Hand Weapons
 a - a +0 long sword (weapon)
Armour
 b - a +0 scale mail (worn)
 c - a +1 shield (worn)
Jewellery
 d - a +2 ring of protection (left hand)
 e - an amulet of magic regeneration (around neck)
 f - an uncursed ring of wizardry
 g - a ring of poison resistance (right hand)
 h - an uncursed ring of fire
Comestibles
 i - a beef jerky


   Skills:
 + Level 4.6 Fighting
 + Level 3.2 Long Blades
 + Level 4.5 Armour
 + Level 4.3 Shields


You had 3 spell levels left.
You didn't know any spells.

Dungeon Overview and Level Annotations

Branches:
Dungeon (3/15)

Altars:
Dithmenos
Trog


Innate Abilities, Weirdness & Mutations

You reflexively headbutt those who attack you in melee.
You have a pair of horns on your head.


Message History

You see here a jackal corpse.
There is a faded altar of an unknown god here.
There is a bloodstained altar of Trog here.
There is a faded altar of an unknown god here.
You cannot tell which god this altar belongs to.
Convert to them anyway?
Uppercase [Y]es or [N]o only, please.
You cannot tell which god this altar belongs to.
Convert to them anyway?
Uppercase [Y]es or [N]o only, please.
You cannot tell which god this altar belongs to.
Convert to them anyway?
Uppercase [Y]es or [N]o only, please.
You cannot tell which god this altar belongs to.
Convert to them anyway?
Dithmenos accepts your prayer! Dithmenos welcomes you!
You are shrouded in an aura of darkness!
There is a shadowy altar of Dithmenos here.
Okay, then.
Welcome back, LoNine the Minotaur Fighter.
Dithmenos says: Spread the eternal night.
Press ? for a list of commands and other information.
Are you sure you want to abandon this character and quit the game? (Confirm with "yes".)

##### #...#####
#'#.....##
#####.#####..###
#......†..##...#
#
#..#######..###.#
#_. #_._###.._#.#
#..##...##..###.#
#....@.††.####.#
####...####.##)#
###_##..(....#
#.###........##
#................
#..<)........####
#............#
#..........###
#.............


There were no monsters in sight!

Vanquished Creatures
  A gnoll (D:1)
  3 adders (D:2)
  A worm (D:2)
  2 dart slugs (D:1)
  2 ball pythons
  4 bats
  A giant cockroach (D:1)
  8 goblins
  6 hobgoblins
  4 jackals (D:3)
  2 quokkas
  3 frilled lizards
  4 kobolds
  7 rats
48 creatures vanquished.

Notes
Turn   | Place    | Note
-------+----------+-------------------------------------------
     0 | D:1      | LoNine the Minotaur Fighter began the quest for the Orb.
     0 | D:1      | Reached XP level 1. HP: 19/19 MP: 0/0
   147 | D:1      | Reached XP level 2. HP: 22/27 MP: 1/1
   473 | D:1      | Noticed an ogre
   473 | D:1      | Noticed an ogre
   473 | D:1      | Noticed an ogre
   473 | D:1      | Noticed an ogre
   475 | D:1      | Noticed a troll
   477 | D:1      | Reached XP level 3. HP: 32/33 MP: 2/2
  1783 | D:2      | Reached XP level 4. HP: 41/41 MP: 3/3
  1930 | D:3      | Found a faded altar of an unknown god.
  1930 | D:3      | Found a faded altar of an unknown god.
  1938 | D:3      | Found a faded altar of an unknown god.
  1942 | D:3      | Found a bloodstained altar of Trog.
  1955 | D:3      | Found a faded altar of an unknown god.
  1963 | D:3      | Became a worshipper of Dithmenos the Shadowed
  1963 | D:3      | Reached * piety under Dithmenos
  1971 | D:3      | Quit the game

Skill      XL: |  1  2  3 |
---------------+----------+-----
Fighting       | 4 |  4.6
Armour         | 4 |  4.5
Shields        | 4 |  4.3
Long Blades    | 3 |  3.2

Action                   |  1- 3 |  4- 6 || total
-------------------------+-------+-------++-------
Melee: Long sword        |    75 |    35 ||   110
       Headbutt          |    10 |     2 ||    12
  Use: Scroll            |     8 |       ||     8
       Potion            |     7 |       ||     7
  Eat: Bread ration      |     1 |       ||     1
Armor: Scale mail        |    41 |     9 ||    50
Dodge: Dodged            |    22 |    15 ||    37
Block: Shield            |    38 |    17 ||    55
       Rpst.: Long sword |     6 |     4 ||    10
